 Dungeon Crawl Stone Soup version 0.31-a0-1074-g0b22e4e0f1 (webtiles) character file.

Game seed: 7156282038438440727

223 avis the Ducker (level 5, 24/24 HPs)
             Began as a Felid Shapeshifter on Dec 2, 2023.
             Got out of the dungeon alive.
             The game lasted 00:17:24 (3102 turns).

avis the Ducker (Felid Shapeshifter)                Turns: 3102, Time: 00:17:25

Health: 24/24      AC:  1    Str: 10    XL:     5   Next: 66%
Magic:  15/15      EV: 25    Int: 12    God:
Gold:   153        SH:  5    Dex: 17    Spells: 4/4 levels left
                                        Lives:  0   Deaths: 2

rFire   . .          .
                       - Unarmed
rCold   . . .        (shield unavailable)
rNeg    . . .        (body armour unavailable)
rPois   .            (helmet unavailable)
rElec   .            (cloak unavailable)
rCorr   .            (gloves unavailable)
SInv    +            (boots unavailable)
Will    .....        p - amulet of reflection
Stlth   ++           h - +5 ring of evasion
HPRegen 0.24/turn    k - ring of magical power
MPRegen 0.14/turn

%: reflection
@: beast-form, quick
A: beast (slay +2), very small, claws 1, fangs 3, see invisible, speed 1, shaggy
fur 1, stealthy paws, no weapons or thrown items, no armour, multi-lived
a: Begin Untransformation


You escaped.
You were a hulking beast.
You visited 1 branch of the dungeon, and saw 4 of its levels.

You collected 153 gold pieces.

Inventory:

Jewellery
 h - a +5 ring of evasion (left paw)
 k - a ring of magical power (right paw)
 p - an amulet of reflection (around neck)
Talismans
 b - a beast talisman
 c - a flux talisman
Wands
 r - a wand of acid (7)
Scrolls
 d - a scroll of blinking {unknown}
 e - 4 scrolls of teleportation {unknown}
 f - 7 scrolls of identify {unknown}
 i - a scroll of fear {unknown}
 l - 2 scrolls of enchant armour {unknown}
 m - a scroll of amnesia {unknown}
 n - a scroll of silence {unknown}
Potions
 a - a potion of lignification
 g - 4 potions of brilliance {unknown}
 j - a potion of curing {unknown}
 o - a potion of heal wounds {unknown}
 q - a potion of haste {unknown}


   Skills:
 - Level 3.0 Fighting
 - Level 6.0 Dodging
 - Level 3.0 Unarmed Combat
 * Level 4.2 Shapeshifting


You had 4 spell levels left.
You didn't know any spells.
Your spell library was empty.

Dungeon Overview and Level Annotations

Branches:
Dungeon (4/15)
 Temple: D:4-7

Altars:
Qazlal
Uskayaw

Shops:
D:3 =

Annotations:
D:4 Edmund


Innate Abilities, Weirdness & Mutations

You are a hulking beast.
Your limbs bulge with bestial killing power. (Slay +2)
You have sharp claws.
You have razor-sharp teeth.
You have supernaturally acute eyesight. (SInv)
You cover ground quickly. (Speed+)
You are covered in fur. (AC +1)
Your paws help you pounce on unaware monsters.
You are incapable of wielding weapons or throwing items.
You cannot wear armour.
You gain extra lives every three experience levels.


Message History

The orc wizard is lightly wounded.
You scratch the orc wizard but do no damage.
The orc wizard is lightly wounded.
The orc wizard closely misses you.
You scratch the orc wizard. Your claw misses the orc wizard.
The orc wizard is heavily wounded.
The orc wizard hits you with a +0 dagger.
You scratch the orc wizard.
The orc wizard is severely wounded.
The orc wizard hits you with a +0 dagger.
You scratch the orc wizard but do no damage.
The orc wizard is severely wounded.
The orc wizard completely misses you.
You scratch the orc wizard.
The orc wizard is almost dead.
The orc wizard completely misses you.
You scratch the orc wizard.
You kill the orc wizard!
Your Shapeshifting skill increases to level 4!
Things that are here:
a +0 dagger; a +0 robe
There is a stone staircase leading up here.
You climb upwards.
There is a stone staircase leading down here.
What level of the Dungeon? (default 1, ? - help) HP restored.
There is a stone staircase leading up here.
You climb upwards.
There is a stone staircase leading down here.
There is an open door here.
There is a stone staircase leading up here.
You climb upwards.
There is a stone staircase leading down here.
You can't go up here!
There is an open door here.
There is an open door here.
You see here 7 stones.
You see here a +0 club.
There is a staircase leading out of the dungeon here.
You have escaped!

######......# ##.#'........#
##.....######.#....#####
#######...##.##.###
##..###.##.#.##
##.######.#.##.#
#.###..##[##.#.#
##.##.##.##.#.#.#
#.##.####.#.#.#.# #.##.#
#h#.#.#.# #.#.### ###.#.#.#
#.#.#.# #.##.#.#
####.#.#.####.#.##.###
#..#.#.##.##.##.#.#..###
#[##.##)##.###.##.##...##
#.###.#(###...###.####..#####
#####.###.##.#######.##
##......
...##..###.##...###.##
#######


There were no monsters in sight!

Vanquished Creatures
  A jelly (D:3)
  An orc wizard (D:4)
  4 gnolls (D:1)
  6 adders
  A worm (D:2)
  3 dart slugs
  6 orcs
  7 ball pythons
  8 endoplasms
  A giant cockroach (D:1)
  6 goblins
  5 hobgoblins
  2 kobolds (D:2)
  2 quokkas (D:1)
  5 bats
  4 rats
62 creatures vanquished.

Notes
Turn   | Place    | Note
-------+----------+-------------------------------------------
     0 | D:1      | avis the Felid Shapeshifter began the quest for the Orb.
     0 | D:1      | Reached XP level 1. HP: 9/9 MP: 2/2
   293 | D:1      | Reached XP level 2. HP: 7/13 MP: 3/3
   372 | D:1      | Reached skill level 3 in Dodging
  1053 | D:2      | Reached XP level 3. HP: 8/16 MP: 4/4
  1397 | D:1      | Reached skill level 4 in Dodging
  1397 | D:1      | Reached XP level 4. HP: 8/21 MP: 5/5
  1663 | D:2      | Found a stormy altar of Qazlal.
  1827 | D:2      | Reached skill level 5 in Dodging
  1985 | D:3      | Found a faded altar of an unknown god.
  2078 | D:3      | Reached XP level 5. HP: 24/24 MP: 6/6
  2282 | D:3      | Reached skill level 6 in Dodging
  2349 | D:3      | Found a stormy altar of Qazlal.
  2611 | D:3      | Found Vicurgh's Jewellery Boutique.
  2827 | D:4      | Found a hide-covered altar of Uskayaw.
  2852 | D:4      | Killed from afar by an orc wizard
  2944 | D:4      | Noticed Edmund
  2955 | D:4      | Slain by Edmund
  3102 | D:$      | Got out of the dungeon alive.

Illustrated notes

Levels and vault maps discovered:
D:1:      dpeg_arrival_solitude, layout_loops_corners
D:2:      layout_basic, basic_altar, minmay_pentomino_z2
D:3:      layout_loops_ring, mainiacjoe_overflow_chevrons, serial_shops, shop,
          ebering_ecumenical_altar_mist, hangedman_abyss_or_decor_lesser_grid
D:4:      layout_gridville, grunt_temple_overflow_open,
          eat_drink_and_be_merry_uskayaw, serial_shops,
          nicolae_shop_pleasant_corner_grove, uniq_edmund

Skill      XL: |  1  2  3  4  5 |
---------------+----------------+-----
Fighting       | 2 3 |  3.0
Dodging        | 3 4 5 6 |  6.0
Shapeshifting  | 4 |  4.2
Unarmed Combat | |  3.0

Action                     |  1- 3 |  4- 6 || total
---------------------------+-------+-------++-------
  Melee: Unarmed           |    61 |   109 ||   170
         Bite              |     5 |    14 ||    19
         Punch             |     1 |     2 ||     3
   Stab: Sleeping          |     2 |     2 ||     4
 Armour: Skin              |    16 |    12 ||    28
  Dodge: Dodged            |    56 |    68 ||   124
  Block: Other             |       |     6 ||     6

Table legend: (Time is in decaauts)
 A = Elapsed time spent in this place.
 B = Non-inter-level travel time spent in this place.
 C = Inter-level travel time spent in this place.
 D = Time resting spent in this place.
 E = Time spent auto-exploring this place.
 F = Levels seen in this place.
 G = Mean time per level.
                   A        B        C        D        E       F      G
               +--------+--------+--------+--------+--------+-----+--------+
         Total |   2624 |   2340 |    284 |    308 |   1295 |   4 |  656.0 |
       Dungeon |   2624 |   2340 |    284 |    308 |   1295 |   4 |  656.0 |
               +--------+--------+--------+--------+--------+-----+--------+

Top non-repeatable levels by time:
     D:1: 1208 daAuts
     D:3: 626 daAuts
     D:2: 613 daAuts
     D:4: 175 daAuts
